Map: Acometida terminal EE

Players

xXkazperXx

  • Race: Zerg Zerg
  • Spawn Location: 3:00

RANURA DE IA (Media) - Winner!

  • Race: Zerg Zerg
  • Spawn Location: 12:00

VOD

Have the link to the VOD?

Description

Time

  • Played on: March 10, 2016, 11:52 a.m.
  • Length: 9:33
Show
View Real Time Build Order
Export as new Build Order

xXkazperXx Zerg 

Build Orders: Pool First 

Get SALT Encoding   

  12  0:02  Drone  
  13  0:13  Drone  
  14  0:17  Overlord  
  14  0:28  Extractor  
  13  0:41  Spawning Pool  
  12  0:43  Drone  
  12  0:45  Drone  
  14  0:55  Drone x2  
  16  1:06  Drone  
  17  1:22  Overlord  
  17  1:30  Zergling x2  
  18  1:32  Queen  
  20  1:48  Drone  
  21  2:08  Roach Warren  
  21  2:11  Lair  
  21  2:13  Zergling x6  
  23  2:44  Drone x3  
  23  2:45  Drone x2  
  28  2:53  Extractor  
  27  3:03  Roach  
  27  3:05  Overlord  
  35  3:27  Roach x4  
  37  3:37  Metabolic Boost  
  37  3:41  Burrow  
  37  3:57  Overlord x2  
  37  4:24  Drone x3  
  40  4:30  Hydralisk Den  
  39  4:45  Spine Crawler  
  38  4:50  Spine Crawler  
  38  4:52  Pneumatized Carapace  
  37  5:07  Hydralisk x2  
  37  5:08  Hydralisk  
  40  5:28  Hydralisk  
  41  5:48  Hatchery  
  40  5:50  Hydralisk x5  
  50  6:06  Zergling x2  
  50  6:10  Zergling x2  
  52  6:16  Spire  
  51  6:38  Drone x2  
  53  6:42  Overlord  
  53  7:00  Drone x4  
  57  7:03  Drone  
  57  7:05  Queen  
  60  7:19  Hatchery  
  59  7:42  Drone x3  
  62  7:47  Zergling x6  
  65  8:15  Mutalisk  
  65  8:16  Overlord  
  65  8:17  Overlord  
  67  8:37  Infestation Pit  
  66  8:43  Queen  
  66  8:44  Drone x2  
  70  8:48  Corruptor x3  
  70  8:52  Mutalisk x3  
  73  9:18  Drone x3  
  76  9:30  Extractor  
  81  9:33  Extractor  
Show
View Real Time Build Order
Export as new Build Order

RANURA DE IA (Media) Zerg - Winner!

Build Orders: Pool First 

Get SALT Encoding   

  12  0:00  Drone  
  13  0:12  Overlord  
  13  0:16  Drone  
  14  0:30  Drone  
  14  0:33  Drone  
  16  0:43  Spawning Pool  
  16  0:45  Drone  
  17  0:50  Drone  
  17  0:53  Extractor  
  17  0:55  Drone  
  17  1:06  Overlord  
  17  1:30  Queen  
  17  1:31  Zergling x2  
  20  1:37  Roach Warren  
  20  1:38  Drone, Zergling x2  
  21  1:49  Drone  
  22  1:59  Overlord  
  22  2:18  Drone  
  22  2:21  Drone  
  24  2:32  Overlord  
  24  2:33  Extractor  
  23  2:37  Drone, Roach  
  23  2:40  Drone  
  23  2:43  Drone  
  28  2:50  Baneling Nest  
  27  2:54  Drone  
  27  2:56  Evolution Chamber  
  27  3:05  Drone  
  28  3:09  Drone, Roach  
  28  3:12  Drone  
  32  3:17  Roach  
  34  3:27  Roach  
  36  4:29  Drone, Roach, Overlord, Lair  
  36  4:31  Spore Crawler  
  38  4:32  Drone, Spore Crawler  
  38  4:35  Drone  
  38  4:37  Drone  
  40  4:47  Overlord  
  40  4:56  Spine Crawler  
  40  4:57  Drone  
  40  4:59  Spine Crawler  
  39  5:01  Hatchery  
  36  5:19  Drone  
  33  5:22  Zergling x2  
  33  5:26  Queen, Overseer x2  
  32  5:30  Infestation Pit, Drone  
  32  5:33  Hydralisk Den  
  32  5:34  Drone, Roach  
  34  5:46  Roach  
  36  5:57  Roach  
  36  6:03  Drone, Spire  
  38  6:08  Roach  
  40  6:13  Drone  
  40  6:16  Drone, Evolution Chamber  
  41  6:19  Drone, Hydralisk  
  41  6:22  Drone  
  45  6:27  Drone  
  45  6:30  Drone  
  45  6:31  Hydralisk  
  49  6:34  Drone  
  49  6:37  Drone  
  51  6:42  Spore Crawler  
  51  6:44  Hydralisk  
  51  6:45  Drone  
  53  6:47  Spore Crawler  
  53  6:48  Drone  
  53  6:50  Drone  
  53  6:53  Drone  
  55  6:56  Drone  
  55  6:59  Drone  
  57  7:05  Queen  
  57  7:06  Drone  
  60  7:09  Drone  
  61  7:16  Overlord  
  61  7:17  Drone  
  61  7:19  Drone  
  61  7:22  Drone  
  64  7:25  Drone  
  64  7:26  Spine Crawler  
  64  7:28  Drone  
  65  7:31  Drone  
  66  7:37  Spine Crawler  
  66  7:38  Drone  
  66  7:42  Drone  
  67  8:14  Extractor  
  67  8:16  Extractor  
  67  8:17  Drone  
  66  8:24  Pneumatized Carapace  
  66  8:25  Roach, Overlord x2, Overseer  
  68  8:31  Roach  
  70  8:37  Roach  
  72  8:42  Roach  
  72  8:43  Drone  
  72  8:46  Drone  
  72  8:47  Hydralisk  
  78  8:52  Hatchery  
  78  8:53  Infestor  
  78  9:00  Zergling x2  
  63  9:05  Roach, Overseer  
  63  9:07  Overlord  
  65  9:11  Roach  
Tags
 
Add a new tag
Caveats
  • Supply blocks, unpowered buildings, or Contaminate may cause inaccurate times.
  • Supply counts are checked every 10 seconds.